 Dungeon Crawl Stone Soup version 0.31-a0-1001-g770356a28f (webtiles) character file.

Game seed: 10223261959696403572

80336 Gladio the Brawler (level 15, -7/130 HPs)
             Began as a Barachi Shapeshifter on Nov 8, 2023.
             Was the Champion of Wu Jian.
             Shot with a bolt by a yaktaur (16 damage)
             ... on level 15 of the Dungeon.
             The game lasted 01:01:44 (23433 turns).

Gladio the Brawler (Barachi Shapeshifter)          Turns: 23433, Time: 01:01:45

Health: -7/130     AC: 29    Str: 21    XL:     15   Next: 66%
Magic:  15/15      EV: 10    Int: 11    God:    Wu Jian [******]
Gold:   1583       SH:  5    Dex: 13    Spells: 12/14 levels left

rFire   . .          .
                       - Unarmed
rCold   . . .        z - melded +0 buckler
rNeg    . . .        d - +8 chain mail {ponderous}
rPois   .            f - +2 helmet
rElec   .            H - +2 cloak
rCorr   .            T - melded +2 pair of gloves of the Dwarven Hall {rC- rN++ Str+2 Stlth+}
SInv    .            t - +0 pair of boots
Will    +....        R - amulet of reflection Stlth
                     M - +4 ring of slaying
HPRegen 0.41/turn    S - +4 ring of protection
MPRegen 0.14/turn

%: reflection
@: blade hands, studying Ranged Weapons, very slow
A: amphibious, slowness 1, strong legs 2, +LOS
a: Hop, Begin Untransformation, Renounce Religion, Wall Jump, Serpent's Lash,
Heavenly Storm


You were on level 15 of the Dungeon.
You worshipped Wu Jian.
Wu Jian was exalted by your worship.
You had blades for hands.
You visited 2 branches of the dungeon, and saw 20 of its levels.

You collected 1583 gold pieces.

Inventory:

Hand Weapons
 m - a +2 sling of flaming
Missiles
 k - 3 curare-tipped darts
 n - 40 poisoned darts
 w - 3 throwing nets
 x - 7 boomerangs
Armour
 d - a +8 chain mail of ponderousness (worn)
 f - a +2 helmet (worn)
 t - a +0 pair of boots (worn)
 z - a +0 buckler (melded)
 H - a +2 cloak (worn)
 T - the +2 pair of gloves of the Dwarven Hall (melded) {rC- rN++ Str+2 Stlth+}
   (You acquired it on level 5 of the Lair of Beasts)

   Str+2:     It affects your strength (+2).
   rC-:       It makes you vulnerable to cold.
   rN++:      It greatly protects you from negative energy.
   Stlth+:    It makes you more stealthy.
Jewellery
 e - a ring of resist corrosion
 s - a ring of protection from fire
 M - a +4 ring of slaying (left blade hand)
 R - an amulet of reflection (around neck)
 S - a +4 ring of protection (right blade hand)
 W - an amulet of faith
Talismans
 c - a beast talisman
 u - a blade talisman (active)
 Q - the serpent talisman of Orthodoxy {Slay+2}
   (You found it on level 7 of the Dungeon)

   [serpent talisman]

   Slay+2:    It affects your accuracy & damage with ranged weapons and melee
   (+2).
Wands
 r - a wand of flame (31)
 G - a wand of mindburst (12)
 L - a wand of paralysis (25)
 P - a wand of polymorph (4)
 V - a wand of digging (6)
Scrolls
 a - 3 scrolls of poison
 b - 5 scrolls of teleportation
 g - a scroll of summoning
 h - 2 scrolls of fog
 i - 6 scrolls of noise
 l - a scroll of amnesia
 q - 2 scrolls of silence
 v - 3 scrolls of enchant armour
 y - a scroll of torment
 A - 6 scrolls of identify
 C - a scroll of fear
 E - 3 scrolls of blinking
 U - a scroll of revelation
 X - a scroll of acquirement
Potions
 j - 2 potions of cancellation
 o - a potion of might
 p - 3 potions of lignification
 B - 8 potions of enlightenment
 D - 4 potions of brilliance
 F - 4 potions of attraction
 I - 3 potions of invisibility
 J - 4 potions of berserk rage
 N - 4 potions of mutation
 O - 2 potions of resistance
 Y - 6 potions of curing
 Z - a potion of ambrosia
Miscellaneous
 K - a condenser vane (inert)


   Skills:
 + Level 15.7 Fighting
 + Level 10.5 Armour
 - Level 3.5 Dodging
 * Level 17.5 Unarmed Combat
 + Level 16.2 Shapeshifting


You had 12 spell levels left.
You knew the following spells:

 Your Spells              Type           Power      Damage    Failure   Level
a - Wereblood             Tmut           0%         N/A       95%         2

Your spell library contained the following spells:

 Spells                   Type           Power      Damage    Failure   Level
 Magic Dart               Conj           0%         1d3       87%         1
 Summon Small Mammal      Summ           0%         N/A       87%         1
 Blink                    Tloc           0%         N/A       95%         2
 Ensorcelled Hibernation  Hex/Ice        0%         N/A       95%         2
 Jinxbite                 Hex            0%         N/A       95%         2
 Lesser Beckoning         Tloc           0%         N/A       95%         2
 Momentum Strike          Conj/Tloc      0%         3d8       95%         2
 Passwall                 Tmut/Erth      0%         N/A       95%         2
 Searing Ray              Conj           0%         2d4       95%         2
 Static Discharge         Conj/Air       0%         3-3/arc   95%         2
 Call Canine Familiar     Summ           0%         N/A       99%         3
 Stone Arrow              Conj/Erth      0%         3d7       99%         3
 Summon Guardian Golem    Hex/Summ       0%         N/A       99%         3
 Swiftness                Air            0%         N/A       99%         3
 Airstrike                Air            0%         2d(0-16)  100%        4
 Anguish                  Hex/Necr       0%         N/A       100%        4
 Animate Armour           Summ/Erth      0%         N/A       100%        4
 Fulminant Prism          Conj/Hex       0%         3d5       100%        4
 Manifold Assault         Tloc           0%         N/A       100%        4
 Summon Lightning Spire   Summ/Air       0%         N/A       100%        4
 Irradiate                Conj/Tmut      0%         3d11      100%        5
 Lee's Rapid Deconstruct  Erth           0%         3d4*      100%        5
 Dispersal                Tloc           0%         N/A       100%        6
 Disjunction              Tloc           0%         N/A       100%        8
 Lehudib's Crystal Spear  Conj/Erth      0%         10d2      100%        8


Dungeon Overview and Level Annotations

Branches:
Dungeon (15/15)            Temple (0/1) D:6            Lair (5/5) D:11
  Swamp (0/4) Lair:2        Snake (0/4) Lair:2        Slime (0/5) Lair:4
    Orc (0/2) D:12         Vaults (0/5) D:13
 Depths: D:15

Altars:
Cheibriados
Kikubaaqudgha
Nemelex Xobeh
Okawaru
Qazlal
Sif Muna
Trog
Uskayaw
Vehumet
Wu Jian
Zin
The Shining One
Jiyva
Lugonu

Shops:
D:6 :   D:15 (

Portals:
Abyss: Lair:5

Annotations:
D:8 exclusion: 2 oklob saplings
D:9 1 runed translucent door, temujin's ghost, journeyman DECj
D:11 3 runed translucent doors, Opifex's ghost, journeyman DsSh; Pixllover's ghost, journeyman MiMo
D:14 1 runed translucent door
Lair:2 1 exclusion


Innate Abilities, Weirdness & Mutations

You have blades for hands.
You are incapable of wielding weapons or throwing items.
You are amphibious.
You cover ground slowly.
You can hop long distances.
You have an extended range of vision and can be seen from far away.


Message History

The yaktaur shoots a bolt.
The bolt hits you!!
The yaktaur shoots a bolt.
The bolt hits you!
Unknown command.
The yaktaur shoots a bolt.
The bolt hits you!!
* * * LOW HITPOINT WARNING * * *
The yaktaur shoots a bolt.
The bolt hits you.
* * * LOW HITPOINT WARNING * * *
Unknown command.
Unknown command.
As you read the scroll of teleportation, it crumbles to dust.
You feel strangely unstable.
Unknown command.
Your surroundings suddenly seem different.
A cyclops comes into view.
The cyclops shouts!
The yaktaur unwields a +0 arbalest.
The yaktaur hits you!
* * * LOW HITPOINT WARNING * * *
The yaktaur unwields a +0 arbalest.
The yaktaur misses you.
The yaktaur shoots a bolt.
The bolt hits you.
* * * LOW HITPOINT WARNING * * *
You lunge at the yaktaur, in a flurry of attacks.
You shred the yaktaur!!!
You kill the yaktaur!
The Council accepts your kill.
You spin and attack the yaktaur.
You barely miss the yaktaur. You slash the yaktaur!
The yaktaur is moderately wounded.
You spin and attack the yaktaur repeatedly.
You slice the yaktaur!!
The yaktaur is severely wounded.
You shred the yaktaur!!!
You kill the yaktaur!
The Council accepts your kill. The yaktaur hits you!
* * * LOW HITPOINT WARNING * * *
Blink to where?
Press: ? - help, Q - select action, (/) - cycle Dir - move target
As you read the scroll of blinking, it crumbles to dust.
The yaktaur wields a +0 arbalest.
The yaktaur shoots a bolt.
The bolt hits you!
You die...

........)..†.......#.# ..
...#######'#######.#.# ... ...#
#.# #.#.########... ...#
#####.##### #.#............ ...#
#...+.'...# #.#............ ...#
#.###.###.# #.#......C..... ...#
#.# #.# #.# #.#...)........
...###'###.###'###.....§c.......
##.'............@'....).........
##.###'###.###'###..............
#..# #.# #.# #.# #....#######c..
#..# #.# #.# #.# #...<# .. #..#
#.. +.+ ..# #....# #..# ### #.#
### #.##.# #..# #.# #.##.# #..#
#+# #.# .# #... ... .


You could see a yaktaur.

Vanquished Creatures
  Frances (D:14)
  A catoblepas (Lair:4)
  4 vault guards (D:13)
  5 hydras
  7 centaur warriors
  3 boulder beetles
  A death knight (D:11)
  6 two-headed ogres
  3 thrashing horrors (Lair:5)
  3 tengu warriors
  Urug (Lair:3)
  Amaemon (D:11)
  2 lindwurms
  2 deep elf pyromancers (D:13)
  5 ugly things
  4 cyclopes
  A manticore (D:13)
  A salamander (Lair:2)
  7 elephants
  A salamander (shapeshifter) (Lair:5)
  7 black mambas
  3 smoke demons (Lair:5)
  A guardian serpent (shapeshifter) (D:15)
  An orange demon (D:11)
  16 cane toads
  4 gargoyles
  A torpor snail (Lair:5)
  3 unseen horrors
  A kobold demonologist (D:10)
  2 efreet
  14 komodo dragons
  A tengu conjurer (D:15)
  3 rime drakes
  Jeremiah (D:9)
  3 yaktaurs
  2 trolls
  A hornet (shapeshifter) (D:13)
  A polar bear (Lair:5)
  3 hornets
  2 raiju (Lair:5)
  Prince Ribbit (D:9)
  16 dream sheep
  18 blink frogs
  A large abomination (Lair:5)
  A centaur simulacrum (D:14)
  7 slime creatures
  A culicivora (shapeshifter) (Lair:5)
  3 spriggans
  A ynoxinul (Lair:5)
  A vampire (D:10)
  56 yaks
  2 shadows
  4 wraiths
  4 wyverns
  Eustachio (D:5)
  Grum (D:9)
  9 vampire mosquitoes
  7 basilisks
  4 steam dragons
  10 small abominations (Lair:5)
  A death yak simulacrum (D:13)
  4 acid dragons
  Duvessa (D:7)
  19 water moccasins
  A swamp drake (Lair:2)
  5 orc warriors
  3 ice beasts
  A black bear (shapeshifter) (D:14)
  4 wolves (D:9)
  3 ogres
  21 centaurs
  3 phantoms
  A kobold brigand (D:8)
  3 gnoll sergeants
  20 bullfrogs
  A scorpion (D:5)
  A cane toad simulacrum (D:13)
  11 wights
  Dowan (D:7)
  An elephant simulacrum (D:13)
  11 howler monkeys
  5 electric eels (D:12)
  4 jellies
  A gnoll bouda (D:6)
  4 hounds
  7 orc priests
  A sleepcap (D:7)
  Crazy Yiuf (D:6)
  6 iguanas
  18 orc wizards
  A polar bear simulacrum (D:13)
  A wolf simulacrum (D:13)
  23 gnolls
  16 adders
  3 naga simulacra (D:13)
  2 shadow imps
  A worm (D:5)
  2 dart slugs
  36 orcs
  4 endoplasms
  3 giant cockroaches
  5 goblins
  7 hobgoblins
  12 kobolds
  4 quokkas
  24 ball pythons
  3 bats
  7 frilled lizards
  7 rats
601 creatures vanquished.

Vanquished Creatures (others)
  A small abomination (Lair:5)
1 creature vanquished.

Grand Total: 602 creatures vanquished

Notes
Turn   | Place    | Note
-------+----------+-------------------------------------------
     0 | D:1      | Gladio the Barachi Shapeshifter began the quest for the
                  | Orb.
     0 | D:1      | Reached XP level 1. HP: 15/15 MP: 1/1
   137 | D:1      | Reached XP level 2. HP: 18/21 MP: 2/2
   455 | D:1      | Reached XP level 3. HP: 27/27 MP: 3/3
   972 | D:2      | Reached XP level 4. HP: 30/33 MP: 4/4
  1276 | D:2      | Found a faded altar of an unknown god.
  1325 | D:2      | Reached skill level 4 in Unarmed Combat
  1966 | D:3      | Reached XP level 5. HP: 40/40 MP: 5/5
  2003 | D:3      | Noticed an ogre
  2016 | D:3      | Killed an ogre
  2017 | D:3      | Reached skill level 5 in Shapeshifting
  2017 | D:3      | Reached XP level 6. HP: 47/47 MP: 6/6
  2100 | D:3      | Noticed an ice beast
  2115 | D:3      | Killed an ice beast
  2141 | D:3      | Found an ornate altar of the Wu Jian Council.
  2166 | D:3      | Became a worshipper of the Wu Jian Council
  2178 | D:3      | Found a glowing golden altar of the Shining One.
  2320 | D:3      | Noticed a water moccasin
  2330 | D:3      | Killed a water moccasin
  2331 | D:3      | Reached skill level 5 in Unarmed Combat
  2331 | D:3      | Reached XP level 7. HP: 46/54 MP: 7/7
  3073 | D:4      | Found a hide-covered altar of Uskayaw.
  3190 | D:4      | Reached skill level 5 in Fighting
  3291 | D:4      | Reached * piety under Wu Jian
  3374 | D:4      | Reached XP level 8. HP: 49/62 MP: 8/8
  3828 | D:4      | Reached skill level 6 in Unarmed Combat
  3998 | D:5      | Entered Level 5 of the Dungeon
  4918 | D:5      | Found a shimmering blue altar of Sif Muna.
  5109 | D:5      | Reached skill level 7 in Unarmed Combat
  5364 | D:6      | Noticed Eustachio
  5410 | D:5      | Killed Eustachio
  5411 | D:5      | Reached XP level 9. HP: 54/71 MP: 9/9
  5479 | D:5      | Reached skill level 8 in Unarmed Combat
  6064 | D:6      | Found a staircase to the Ecumenical Temple.
  6150 | D:6      | Found a glowing silver altar of Zin.
  6299 | D:6      | Found Osirro Moup's Vocational Training.
  6449 | D:6      | Found a runed translucent door.
  6450 | D:6      | Noticed Crazy Yiuf
  6456 | D:6      | Killed Crazy Yiuf
  6522 | D:6      | Found a sparkling altar of Nemelex Xobeh.
  6534 | D:6      | Found a radiant altar of Vehumet.
  6633 | D:6      | Reached ** piety under Wu Jian
  6714 | D:7      | Noticed Duvessa
  6722 | D:7      | Killed Duvessa
  6723 | D:7      | Reached skill level 9 in Unarmed Combat
  6723 | D:7      | Noticed Dowan
  6731 | D:7      | Killed Dowan
  7097 | D:7      | Identified the +3 quarterstaff "Qaju" {heavy, Str+2}
  7245 | D:7      | Reached skill level 10 in Unarmed Combat
  7253 | D:7      | Identified the serpent talisman of Orthodoxy {Slay+2}
  7368 | D:7      | Reached XP level 10. HP: 76/80 MP: 10/10
  8165 | D:7      | Reached *** piety under Wu Jian
  8193 | D:7      | Reached skill level 11 in Unarmed Combat
  8711 | D:8      | Found a snail-covered altar of Cheibriados.
  8747 | D:8      | Identified the +3 leather armour of the Arcane {Str+3}
  9078 | D:8      | Paralysed by a hornet for 3 turns
  9094 | D:8      | Reached skill level 1 in Armour
  9096 | D:8      | Reached **** piety under Wu Jian
  9247 | D:8      | Learned a level 2 spell: Wereblood
  9552 | D:9      | Found a stormy altar of Qazlal.
  9606 | D:9      | Reached XP level 11. HP: 85/90 MP: 11/11
  9608 | D:9      | Noticed Jeremiah
  9900 | D:9      | Killed Jeremiah
  9901 | D:9      | Reached skill level 10 in Shapeshifting
 10007 | D:9      | Found an ancient bone altar of Kikubaaqudgha.
 10052 | D:9      | Noticed Grum
 10074 | D:9      | Reached skill level 10 in Fighting
 10083 | D:9      | Killed Grum
 10093 | D:9      | Reached skill level 12 in Unarmed Combat
 10252 | D:9      | Noticed Prince Ribbit
 10261 | D:9      | Killed Prince Ribbit
 10269 | D:9      | Found a runed translucent door.
 10270 | D:9      | Noticed a fire dragon
 10273 | D:9      | Noticed temujin's ghost (journeyman DECj)
 10663 | D:9      | Found an iron altar of Okawaru.
 10922 | D:10     | Entered Level 10 of the Dungeon
 11035 | D:10     | Found a bloodstained altar of Trog.
 11745 | D:11     | Found a runed translucent gate.
 11749 | D:11     | Identified the amulet "Mimpuu" {Acrobat Harm Rampage
                  | Fragile Dex+6}
 11770 | D:11     | Found a runed translucent gate.
 11771 | D:11     | Found a runed translucent gate.
 11772 | D:11     | Noticed Pixllover's ghost (journeyman MiMo)
 11773 | D:11     | Noticed Opifex's ghost (journeyman DsSh)
 11785 | D:11     | Noticed a death knight
 11792 | D:11     | Noticed a two-headed ogre
 11800 | D:11     | Killed a death knight
 11804 | D:11     | Killed a two-headed ogre
 11900 | D:11     | Noticed a purple ugly thing
 11905 | D:11     | Noticed a centaur warrior
 11905 | D:11     | Noticed a tengu warrior
 11911 | D:11     | Killed a green ugly thing
 11912 | D:11     | Reached skill level 5 in Armour
 11916 | D:11     | Noticed a centaur warrior
 11920 | D:11     | Noticed a tengu warrior
 11924 | D:11     | Noticed a centaur warrior
 11947 | D:11     | Killed a tengu warrior
 11955 | D:11     | Killed a tengu warrior
 12033 | D:11     | Killed a centaur warrior
 12034 | D:11     | Reached XP level 12. HP: 38/100 MP: 12/12
 12040 | D:11     | Killed a centaur warrior
 12223 | D:11     | Killed a centaur warrior
 12242 | D:11     | Reached skill level 13 in Unarmed Combat
 12246 | D:11     | Reached ***** piety under Wu Jian
 12662 | D:11     | Noticed a boulder beetle
 12695 | D:11     | Killed a boulder beetle
 12872 | D:11     | Found a staircase to the Lair.
 13039 | D:11     | Noticed Amaemon
 13047 | D:11     | Killed Amaemon
 13312 | Lair:1   | Entered Level 1 of the Lair of Beasts
 13568 | Lair:1   | Reached skill level 14 in Unarmed Combat
 14141 | Lair:2   | Gained mutation: You can hop long distances. [Barachi
                  | growth]
 14141 | Lair:2   | Reached XP level 13. HP: 93/109 MP: 13/13
 14365 | Lair:2   | Found a staircase to the Swamp.
 14380 | Lair:2   | Reached skill level 15 in Unarmed Combat
 15063 | Lair:2   | Found a staircase to the Snake Pit.
 15775 | Lair:3   | Noticed Urug
 15786 | Lair:3   | Killed Urug
 17147 | Lair:4   | Reached ****** piety under Wu Jian
 17286 | Lair:4   | Reached XP level 14. HP: 103/119 MP: 14/14
 17290 | Lair:4   | Found a gate leading to a gauntlet.
 17482 | Lair:4   | Found a viscous altar of Jiyva.
 17483 | Lair:4   | Found a staircase to the Slime Pits.
 18011 | Lair:4   | Reached skill level 16 in Unarmed Combat
 18121 | Lair:5   | Entered Level 5 of the Lair of Beasts
 19160 | Lair:5   | Identified a scroll of acquirement
 19428 | Lair:5   | Acquired the +2 pair of gloves of the Dwarven Hall {rC-
                  | rN++ Str+2 Stlth+}
 19441 | Lair:5   | Identified the +6 great mace of Xuvoxic {heavy, rElec}
 19649 | Lair:5   | Reached skill level 10 in Armour
 19658 | Lair:5   | Reached skill level 15 in Shapeshifting
 19893 | Lair:5   | Found a corrupted altar of Lugonu.
 19893 | Lair:5   | Found a one-way gate to the infinite horrors of the Abyss.
 19981 | Lair:5   | Identified the staff "Elaw" {rPois rC+ Poison}
 20202 | D:12     | Reached XP level 15. HP: 102/127 MP: 15/15
 20738 | D:12     | Found a staircase to the Orcish Mines.
 21236 | D:13     | Reached skill level 15 in Fighting
 21310 | D:13     | Found a gate to the Vaults.
 21491 | D:13     | Reached skill level 17 in Unarmed Combat
 21578 | D:13     | Found a frozen archway.
 22232 | D:14     | Found a glowing silver altar of Zin.
 22267 | D:14     | Noticed Frances
 22281 | D:14     | Killed Frances
 22725 | D:14     | Found the +7 captain's cutlass {speed, disarm}
 22965 | D:14     | Found a runed translucent door.
 23168 | D:15     | Entered Level 15 of the Dungeon
 23337 | D:15     | Found Askic's Weapon Shoppe.
 23433 | D:15     | Shot with a bolt by a yaktaur

Illustrated notes

Levels and vault maps discovered:
D:1:      saegor_arrival_simple_e, layout_loops_cross
D:2:      layout_basic, basic_ecumenical_altar, patterned_corridor
D:3:      layout_basic, mainiacjoe_overflow_swirl
D:4:      nicolae_cairo_tiling_large, layout_loops_ring,
          mainiacjoe_overflow_cross_hatched, minmay_small_thing
D:5:      layout_loops_corners, lemuel_coloured_pillars_altar,
          hangedman_decor_clover_reticule
D:6:      layout_rooms, vehumet_crystals, nemelex_diamond_rough_becter,
          mainiacjoe_overflow_brackets, minmay_temple_entry_gardened_gates,
          nicolae_shop_vocational, uniq_crazy_yiuf_cottage, uniq_eustachio
D:7:      layout_cave_pods, dk_vineyard_1, minmay_misc_feat_hallway,
          uniq_duvessa
D:8:      layout_cave_pools, cheibriados_altar_1, introduction_to_nature_1
D:9:      layout_layer_cave, mainiacjoe_overflow_catwalk,
          okawaru_altar_gauntlet_db, mainiacjoe_overflow_24_doors,
          ebering_ghost_inner_flame, uniq_prince_ribbit1, uniq_jeremiah,
          uniq_grum
D:10:     layout_roguey, mainiacjoe_overflow_small_starburst
D:11:     layout_rooms, david_lair_shrubbed, gammafunk_ghost_cemetery, hex_tiny,
          minmay_shattered_shrine, uniq_amaemon
D:12:     layout_grid_maze, orc_0_dummy, serial_bayou, serial_bayou_pond_a,
          serial_bayou_shore_a, serial_bayou_shore_b, serial_bayou_pond_e,
          minmay_misc_feat_chi, serial_bayou_lake_a
D:13:     layout_long_grid, lightli_vaults_fourway_checkpoint,
          portal_ice_cave_entry_ice_simulacra
D:14:     layout_grid_maze, old_standard_altar, minmay_st_funbox, uniq_frances
D:15:     grunt_enter_depths_magical_seal, layout_basic, serial_shops, shop,
          nicolae_shop_hallway_plus, minmay_door_square, drop_trap
Lair:1:   layout_gridlike, serial_bayou_shore_b
Lair:2:   layout_cellular_growth, minmay_swamp_entry_reptiles,
          nicolae_snake_entry_warm_welcome, grunt_megastairs_3
Lair:3:   layout_regular_city, grunt_forest_large_clearings, grunt_megastairs_4,
          uniq_urug
Lair:4:   hellmonk_destroyed_diamonds, layout_long_grid, slime_entry_1,
          gauntlet_entry_generic, nzn_random_ring
Lair:5:   hellmonk_lair_end_abyssal_woods, layout_regular_city

Skill      XL: |  1  2  3  4  5  6  7  8  9 10 11 12 13 14 15 |
---------------+----------------------------------------------+-----
Fighting       | 2 3 4 5 6 8 9 11 12 13 14 15 | 15.7
Shapeshifting  | 4 5 6 7 8 9 11 12 13 15 16 | 16.2
Unarmed Combat | 4 5 7 10 11 12 14 15 16 17 | 17.5
Armour         | 2 5 7 8 10 | 10.5
Dodging        | 3 |  3.5

Action                     |  1- 3 |  4- 6 |  7- 9 | 10-12 | 13-15 || total
---------------------------+-------+-------+-------+-------+-------++-------
  Melee: Unarmed           |    31 |    30 |   379 |   651 |  1022 ||  2113
         Short sword       |    81 |    35 |       |       |       ||   116
         Punch             |     2 |     1 |     1 |       |    20 ||    24
         Constrict         |       |       |       |     3 |       ||     3
   Fire: Sling             |       |    39 |    34 |       |       ||    73
 Invoke: Serpent's Lash    |       |       |       |     1 |       ||     1
Ability: Hop               |     1 |     2 |       |     2 |       ||     5
         Lunge             |       |       |    18 |    35 |    51 ||   104
         Whirlwind         |       |       |    13 |    91 |   225 ||   329
         Wall Jump         |       |       |     1 |    16 |    11 ||    28
         Begin Untransform |       |       |     1 |       |       ||     1
  Evoke: Wand              |       |       |       |       |     5 ||     5
         Condenser vane    |       |       |       |       |     1 ||     1
    Use: Scroll            |       |     2 |    13 |    15 |     4 ||    34
         Potion            |       |     1 |       |     5 |     3 ||     9
   Stab: Petrified         |       |       |       |       |     9 ||     9
 Armour: Ring mail         |    48 |    26 |     2 |       |       ||    76
         Skin              |       |     9 |       |    14 |       ||    23
         Chain mail        |       |       |   302 |       |   567 ||   869
         Plate armour      |       |       |    45 |   469 |   136 ||   650
  Dodge: Dodged            |    53 |    35 |   138 |   171 |   248 ||   645
  Block: Buckler           |       |       |     4 |     6 |       ||    10
         Other             |       |       |       |   137 |   128 ||   265
         Reflection        |       |       |       |     9 |    13 ||    22
   Form: Flux              |       |       |     3 |     1 |       ||     4
                           |       |       |     1 |       |       ||     1
         Anaconda          |       |       |       |     1 |       ||     1
         Blade             |       |       |       |       |     1 ||     1

Table legend: (Time is in decaauts)
 A = Elapsed time spent in this place.
 B = Non-inter-level travel time spent in this place.
 C = Inter-level travel time spent in this place.
 D = Time resting spent in this place.
 E = Time spent auto-exploring this place.
 F = Levels seen in this place.
 G = Mean time per level.
                   A        B        C        D        E       F      G
               +--------+--------+--------+--------+--------+-----+--------+
         Total |  26479 |  25188 |   1291 |     16 |  20699 |  20 | 1323.9 |
       Dungeon |  18646 |  17840 |    806 |     16 |  14752 |  15 | 1243.1 |
          Lair |   7833 |   7348 |    485 |      0 |   5946 |   5 | 1566.6 |
               +--------+--------+--------+--------+--------+-----+--------+

Top non-repeatable levels by time:
  Lair:5: 2239 daAuts
     D:7: 2214 daAuts
     D:5: 2072 daAuts
    D:11: 1802 daAuts
     D:9: 1691 daAuts
  Lair:3: 1650 daAuts
  Lair:2: 1620 daAuts
     D:4: 1457 daAuts
  Lair:4: 1335 daAuts
    D:14: 1239 daAuts
    D:12: 1197 daAuts
    D:13: 1088 daAuts
     D:3: 1065 daAuts
     D:2: 1028 daAuts
  Lair:1: 986 daAuts
